 Dungeon Crawl Stone Soup version 0.29.0-4-gdea44cf6ec (webtiles) character file.

Game seed: 7953921551483866736

593 qw the Chopper (level 7, -1/41 HPs)
             Began as a Tengu Warper on Aug 28, 2022.
             Slain by an orc wizard
             ... wielding a +0 dagger
              (2 damage)
             ... on level 5 of the Dungeon.
             The game lasted 00:00:32 (4980 turns).

qw the Chopper (Tengu Warper)                       Turns: 4980, Time: 00:00:33

Health: -1/41      AC: 12    Str: 13    XL:     7   Next: 39%
Magic:  11/11      EV:  5    Int: 17    God:
Gold:   380        SH:  0    Dex: 12    Spells: 10/10 levels left

rFire   . . .      SeeInvis .   Y - +0 war axe
rCold   . . .      Faith    .   (no shield)
rNeg    . . .      Spirit   .   b - +1 plate armour
rPois   .          Reflect  .   (helmet restricted)
rElec   +          Harm     .   (no cloak)
rCorr   .          Rampage  .   (no gloves)
Will    .....                   (boots unavailable)
Stlth   ..........              (no amulet)
HPRegen 0.13/turn               (no ring)
MPRegen 0.12/turn               (no ring)

@: about to teleport, flying quickly and evasively, quick
A: beak, talons 3, nimble flight, horns 1, clever 1, electricity resistance
a: no special abilities


You were on level 5 of the Dungeon.
You visited 1 branch of the dungeon, and saw 5 of its levels.
You also visited: Ossuary.

You collected 380 gold pieces.


Innate Abilities, Weirdness & Mutations

You have a beak for a mouth.
You have claws for feet.
Your magical nature lets you fly swiftly and evasively.
You have a pair of small horns on your head.
Your mind is acute. (Int +4, Str/Dex -1)
You are resistant to electric shocks. (rElec)


   Skills:
 - Level 3.0 Fighting
 + Level 7.7 Axes
 - Level 1.0 Throwing
 - Level 3.2 Armour
 - Level 2.1 Dodging
 - Level 2.0 Spellcasting
 - Level 2.4 Translocations


You had 10 spell levels left.
You didn't know any spells.
Your spell library contained the following spells:

 Spells                   Type           Power      Damage    Failure   Level
 Blink                    Tloc           18%        N/A       100%        2
 Gell's Gravitas          Tloc           9%         N/A       100%        3
 Lesser Beckoning         Tloc           9%         N/A       100%        3
 Teleport Other           Tloc           9%         N/A       100%        3
 Manifold Assault         Tloc           9%         N/A       100%        5

Inventory:

Hand Weapons
 e - a +0 flail
 Y - a +0 war axe (weapon)
Armour
 b - a +1 plate armour (worn)
Scrolls
 a - a scroll of teleportation
 o - a scroll of identify
Potions
 d - a potion of curing
 g - a potion of heal wounds
 i - a potion of might
 k - a potion of resistance {unknown}
 l - 2 potions of cancellation
 r - a potion of brilliance {unknown}

Dungeon Overview and Level Annotations

Branches:
Dungeon (5/15)             Temple (0/1) D:5         Ossuary (visited)

Altars:
Cheibriados
Hepliaklqana
Qazlal
The Shining One


Message History

The orc warrior is lightly wounded.
You hit something but do no damage. You hit the orc but do no damage.
Something hits you but does no damage. The orc hits you but does no damage.
The orc warrior hits you with a +0 dire flail!
You barely miss the orc warrior. You claw the orc warrior.
You headbutt the orc warrior, but do no damage.
The orc warrior is lightly wounded.
You barely miss something. You hit the orc.
You hear some strange, mumbled words.
A magic dart appears from out of thin air!
The magic dart hits you. The orc barely misses you.
The orc warrior barely misses you.
You slash the orc!
You kill the orc!
You hit the orc warrior but do no damage.
You closely miss something. Something hits you but does no damage.
The orc warrior hits you with a +0 dire flail.
You hit the orc warrior but do no damage.
You claw the orc warrior.
The orc warrior is lightly wounded.
You barely miss something. Something hits you but does no damage.
The orc warrior hits you but does no damage.
You completely miss the orc warrior. You claw the orc warrior.
Your headbutt misses the orc warrior. Your peck misses the orc warrior.
The orc warrior is moderately wounded.
You hit something but do no damage. Something hits you but does no damage.
The orc warrior hits you with a +0 dire flail.
You barely miss the orc warrior.
The orc warrior is moderately wounded.
You hit something. Something hits you but does no damage.
The orc warrior hits you with a +0 dire flail!
4980 ||| READING 2 scrolls of teleportation.
As you read the scroll of teleportation, it crumbles to dust.
You feel strangely unstable. Something hits you.
You die...

).....#..# #######..#
#........# # #..#
#........# # ###..#
#........# ### #....#
#........# ..# #.#.##
#........# #.###.#.#
#........#
....#.#.#####....o...###
#.#.#.#.....)...@{......
#.#.#.#####......)...##.
#.#.#.# #...........#
#.....# ##.######.###
###.### #.. .#
..#.###### #### #
#........# ####.###.# .#


You could see an orc warrior.

Vanquished Creatures
  A black bear (D:5)
  An ice beast (D:5)
  A scorpion (D:5)
  2 orc priests
  An iguana (D:5)
  3 orc wizards
  3 mummies (Ossuary)
  3 gnolls (D:4)
  4 adders
  A shadow imp (D:5)
  A dart slug (D:4)
  13 orcs
  5 endoplasms
  3 giant cockroaches
  A gnoll zombie (Ossuary)
  4 goblins
  2 hobgoblins
  6 kobolds
  3 quokkas (D:2)
  2 ball pythons (D:3)
  4 bats
  5 frilled lizards
  5 goblin zombies (Ossuary)
  6 hobgoblin zombies (Ossuary)
  A kobold zombie (Ossuary)
  An orc zombie (Ossuary)
  2 quokka zombies (Ossuary)
  8 rats
  2 rat zombies (Ossuary)
94 creatures vanquished.

Notes
Turn   | Place    | Note
-------+----------+-------------------------------------------
     0 | D:1      | qw the Tengu Warper began the quest for the Orb.
     0 | D:1      | Reached XP level 1. HP: 12/12 MP: 4/4
     0 | D:1      | 0 ||| qw: Version: 0.1-a-89-g26bdef1
     0 | D:1      | 0 ||| qw: Game counter: 3420
     0 | D:1      | 0 ||| qw: Always use a shield: true
     0 | D:1      | 0 ||| qw: God list: Okawaru
     0 | D:1      | 0 ||| qw: Allow faded altars: false
     0 | D:1      | 0 ||| qw: Do Orc after D:15 true
     0 | D:1      | 0 ||| qw: Do second Lair branch before Depths: true
     0 | D:1      | 0 ||| qw: Lair rune preference: random
     0 | D:1      | 0 ||| qw: Plans: Normal
     0 | D:1      | 0 ||| PLANNING D:1-11
    12 | D:1      | Found a faded altar of an unknown god.
   286 | D:1      | Reached XP level 2. HP: 17/17 MP: 6/6
   323 | D:1      | Reached skill level 3 in Axes
   435 | D:1      | 435 ||| DROPPING ring of flight.
   436 | D:1      | 436 ||| READING 2 scrolls labelled UREDYB VOCK.
   440 | D:1      | 440 ||| READING scroll labelled FITEDA ZASMAOSYCOSS.
   441 | D:1      | 441 ||| READING scroll labelled XEESIOWEFUC.
   442 | D:1      | 442 ||| READING scroll labelled LYLUED SIFOOL.
   443 | D:1      | 443 ||| DRINKING 3 inky potions.
   444 | D:1      | 444 ||| DROPPING scroll of blinking.
   531 | D:2      | Found a glowing golden altar of the Shining One.
   629 | D:2      | 629 ||| DROPPING +0 whip.
   671 | D:2      | 671 ||| Stepping ~*~*~tactically~*~*~ (stealth).
   681 | D:2      | 681 ||| Stepping ~*~*~tactically~*~*~ (stealth).
   683 | D:2      | 683 ||| Stepping ~*~*~tactically~*~*~ (stealth).
   780 | D:2      | 780 ||| DROPPING +1 mace of venom.
   928 | D:2      | 928 ||| UPGRADING to +0 scale mail.
   938 | D:2      | 938 ||| DROPPING +0 leather armour.
   939 | D:2      | 939 ||| READING scroll labelled SUITANUTUNT.
   940 | D:2      | 940 ||| READING scroll labelled NIOMNE PU BAU.
   941 | D:2      | 941 ||| READING scroll labelled AQI FYTAPHEM.
   942 | D:2      | 942 ||| READING scroll labelled QIUNIS SAIWIC.
   943 | D:2      | 943 ||| READING scroll labelled RIMAPS UFUFAPS.
   944 | D:2      | 944 ||| READING scroll labelled RINOLU EDIUPUPS.
   945 | D:2      | 945 ||| READING scroll labelled KAMEONKELA.
  1046 | D:2      | 1046 ||| DRINKING 2 bubbling orange potions.
  1047 | D:2      | 1047 ||| DROPPING potion of attraction.
  1134 | D:3      | 1134 ||| SWAPPING to +0 war axe.
  1135 | D:3      | 1135 ||| DROPPING +1 hand axe.
  1140 | D:3      | 1140 ||| Stepping ~*~*~tactically~*~*~ (stealth).
  1146 | D:3      | Reached XP level 3. HP: 18/21 MP: 7/7
  1305 | D:3      | Found the +7 great mace "Firestarter" {inner flame, rF++}
  1430 | D:3      | Found a stormy altar of Qazlal.
  1531 | D:3      | 1531 ||| Stepping ~*~*~tactically~*~*~ (stealth).
  1534 | D:3      | Reached skill level 4 in Axes
  1537 | D:3      | 1537 ||| Stepping ~*~*~tactically~*~*~ (stealth).
  1538 | D:3      | 1538 ||| Stepping ~*~*~tactically~*~*~ (stealth).
  1539 | D:3      | 1539 ||| Stepping ~*~*~tactically~*~*~ (stealth).
  1654 | D:3      | You fall into a shaft and drop 2 floors!
  1654 | D:5      | Entered Level 5 of the Dungeon
  1680 | D:5      | Noticed a scorpion
  1690 | D:5      | Killed a scorpion
  1691 | D:5      | Reached skill level 5 in Axes
  1691 | D:5      | Reached XP level 4. HP: 17/26 MP: 8/8
  1806 | D:5      | HP: 4/26 [orc priest/divine providence (12)]
  1807 | D:5      | 1807 ||| READING 2 scrolls of teleportation.
  1808 | D:5      | 1808 ||| DRINKING 3 potions of heal wounds.
  1809 | D:5      | Found a staircase to the Ecumenical Temple.
  1981 | D:5      | Noticed a black bear
  1989 | D:5      | Killed a black bear
  1990 | D:5      | Reached skill level 6 in Axes
  1990 | D:5      | Gained mutation: Your magical nature lets you fly swiftly
                  | and evasively. [Tengu growth]
  1990 | D:5      | Reached XP level 5. HP: 19/30 MP: 9/9
  2268 | D:5      | 2268 ||| Stepping ~*~*~tactically~*~*~ (cloud).
  2301 | D:5      | 2301 ||| DRINKING 2 pink potions.
  2306 | D:5      | 2306 ||| Stepping ~*~*~tactically~*~*~ (hiding).
  2308 | D:5      | 2308 ||| Stepping ~*~*~tactically~*~*~ (hiding).
  2309 | D:5      | 2309 ||| Stepping ~*~*~tactically~*~*~ (hiding).
  2310 | D:5      | 2310 ||| Stepping ~*~*~tactically~*~*~ (hiding).
  2311 | D:5      | 2311 ||| Stepping ~*~*~tactically~*~*~ (hiding).
  2319 | D:5      | Reached XP level 6. HP: 29/35 MP: 10/10
  2376 | D:4      | 2376 ||| PLANNING OSSUARY
  2391 | D:4      | 2391 ||| Stepping ~*~*~tactically~*~*~ (hiding).
  2625 | D:4      | 2625 ||| DROPPING +1 mace of protection.
  2815 | D:4      | Found a sand-covered staircase.
  2816 | D:4      | 2816 ||| Stepping ~*~*~tactically~*~*~ (hiding).
  2823 | D:4      | Reached skill level 7 in Axes
  2825 | D:4      | 2825 ||| Stepping ~*~*~tactically~*~*~ (hiding).
  2898 | D:4      | 2898 ||| Stepping ~*~*~tactically~*~*~ (stealth).
  2918 | D:4      | 2918 ||| READING 2 scrolls of identify.
  2918 | D:4      | 2918 ||| IDENTIFYING dark potion
  2919 | D:4      | 2919 ||| DROPPING potion of degeneration.
  2922 | Ossuary  | Entered an ossuary
  3208 | Ossuary  | Reached skill level 3 in Fighting
  3330 | Ossuary  | 3330 ||| READING scroll labelled KADI BI SOKHLUAHY.
  3331 | Ossuary  | 3331 ||| DRINKING 2 viscous grey potions.
  3331 | Ossuary  | Gained mutation: You are frail. (-10% HP) [potion of
                  | mutation]
  3331 | Ossuary  | Gained mutation: You have hidden genetic potential. [potion
                  | of mutation]
  3332 | Ossuary  | 3332 ||| DRINKING potion of mutation.
  3332 | Ossuary  | Lost mutation: You have hidden genetic potential. [potion
                  | of mutation]
  3332 | Ossuary  | Lost mutation: You are frail. (-10% HP) [potion of
                  | mutation]
  3332 | Ossuary  | Gained mutation: You have a pair of small horns on your
                  | head. [potion of mutation]
  3332 | Ossuary  | Gained mutation: You are resistant to electric shocks.
                  | (rElec) [potion of mutation]
  3332 | Ossuary  | Gained mutation: Your mind is acute. (Int +4, Str/Dex -1)
                  | [potion of mutation]
  3364 | Ossuary  | 3364 ||| DRINKING 2 fizzy amethyst potions.
  3365 | Ossuary  | 3365 ||| DRINKING 2 glowing inky potions.
  3370 | D:4      | 3370 ||| PLANNING D:1-11
  3780 | D:3      | 3780 ||| UPGRADING to +0 plate armour.
  3790 | D:3      | 3790 ||| DROPPING +0 scale mail.
  3791 | D:3      | 3791 ||| READING scroll of enchant armour.
  3791 | D:3      | 3791 ||| ENCHANTING +0 plate armour.
  4049 | D:4      | Found a snail-covered altar of Cheibriados.
  4050 | D:4      | Found a hazy altar of Hepliaklqana.
  4410 | D:4      | 4410 ||| READING 2 scrolls of identify.
  4410 | D:4      | 4410 ||| IDENTIFYING metallic dark potion
  4411 | D:4      | 4411 ||| DROPPING potion of flight.
  4574 | D:5      | 4574 ||| Stepping ~*~*~tactically~*~*~ (stealth).
  4579 | D:5      | Noticed an ice beast
  4593 | D:5      | Killed an ice beast
  4594 | D:5      | Reached skill level 3 in Armour
  4594 | D:5      | Reached XP level 7. HP: 20/41 MP: 11/11
  4764 | D:5      | 4764 ||| Stepping ~*~*~tactically~*~*~ (stealth).
  4797 | D:5      | 4797 ||| Stepping ~*~*~tactically~*~*~ (stealth).
  4799 | D:5      | 4799 ||| DRINKING 3 potions of curing.
  4799 | D:5      | 4799 ||| (to cure confusion)
  4800 | D:5      | 4800 ||| Stepping ~*~*~tactically~*~*~ (hiding).
  4807 | D:5      | 4807 ||| Stepping ~*~*~tactically~*~*~ (stealth).
  4815 | D:5      | 4815 ||| DRINKING 2 potions of curing.
  4815 | D:5      | 4815 ||| (to cure confusion)
  4820 | D:5      | 4820 ||| Stepping ~*~*~tactically~*~*~ (stealth).
  4824 | D:5      | 4824 ||| Stepping ~*~*~tactically~*~*~ (stealth).
  4831 | D:5      | HP: 7/41 [orc priest/divine providence (12)]
  4832 | D:5      | 4832 ||| READING 3 scrolls of teleportation.
  4833 | D:5      | 4833 ||| DRINKING 2 potions of heal wounds.
  4979 | D:5      | HP: 1/41 [orc warrior/+0 dire flail (11)]
  4980 | D:5      | 4980 ||| READING 2 scrolls of teleportation.
  4980 | D:5      | Slain by an orc wizard

Levels and vault maps discovered:
D:1:      dpeg_arrival_ratfight, layout_basic, nicolae_ecumenical_lake_church
D:2:      layout_basic, basic_altar, mrwooster_statue_mirror
D:3:      layout_basic, mainiacjoe_overflow_cross_hatched
D:4:      layout_loops_corners, nicolae_overflow_two_pavilions, enter_ossuary_3
D:5:      layout_basic, lemuel_zombie_altar_yredelemnul,
          minmay_temple_entry_mini_moons, lemuel_another_geyser

Skill      XL: |  1  2  3  4  5  6 |
---------------+-------------------+-----
Axes           | 3 5 6 7 |  7.7
Fighting       | 3 |  3.0
Armour         | 3 |  3.2
Throwing       | |  1.0
Dodging        | |  2.1
Spellcasting   | |  2.0
Translocations | |  2.4

Action                   |  1- 3 |  4- 6 |  7- 9 || total
-------------------------+-------+-------+-------++-------
Melee: Hand axe          |    10 |       |       ||    10
       Kick              |    10 |    29 |    10 ||    49
       War axe           |    38 |   101 |    40 ||   179
       Peck              |     4 |    19 |     8 ||    31
       Punch             |     2 |       |       ||     2
       Headbutt          |       |     6 |     5 ||    11
Throw: Javelin           |    21 |       |       ||    21
       Boomerang         |     7 |       |       ||     7
  Use: Scroll            |    11 |     5 |     2 ||    18
       Potion            |     2 |     6 |     3 ||    11
Armor: Leather armour    |     3 |       |       ||     3
       Scale mail        |    17 |    16 |       ||    33
       Plate armour      |       |    27 |    26 ||    53
Dodge: Dodged            |    29 |    30 |     5 ||    64

Table legend:
 A = Non-vault XP
 B = Vault XP
 C = Vault XP percentage of total XP
 D = Non-vault monster count
 E = Vault monster count
 F = Vault count percentage of total count
                 A         B        C        D         E       F
            +---------+---------+-------+---------+---------+-------
      Total |     770 |      78 |   9.2 |      68 |      26 |  27.7
            +---------+---------+-------+---------+---------+-------
        D:1 |      10 |       5 |  33.3 |       7 |       5 |  41.7
        D:2 |      16 |       0 |   0.0 |       9 |       0 |   0.0
        D:3 |      26 |       0 |   0.0 |      16 |       0 |   0.0
        D:4 |     159 |       0 |   0.0 |      17 |       0 |   0.0
        D:5 |     559 |       0 |   0.0 |      19 |       0 |   0.0
    Ossuary |       0 |      73 | 100.0 |       0 |      21 | 100.0
            +---------+---------+-------+---------+---------+-------
